[Event "Titled Tuesday Blitz December 20 Late 2022"]
[White "Jimenez Almeida, Luis David"]
[Black "Dong, Bao Nghia"]
[WhiteFideId "22242244"]
[BlackFideId "12400343"]
[WhiteElo "2158"]
[BlackElo "2305"]
[Result "0-1"]
[Round "06"]
[TimeControl "180+1"]
[Date "2022.12.21"]
[WhiteClock "0:00:18"]
[BlackClock "0:01:30"]

1. e4 e6 2. Nf3 d5 3. Nc3 Nf6 4. e5 Nfd7 5. d4 c5 6. dxc5 Nc6 7. Bf4 Bxc5 8. Bd3 h6 9. h4 a6 10. Qe2 b5 11. O-O-O Qb6 12. Nxd5 exd5 13. e6 O-O 14. exd7 Bxd7 15. Rhf1 Bg4 16. Qd2 Nb4 17. Kb1 Nxd3 18. Qxd3 Bxf2 19. Rd2 Bc5 20. Ne5 Be6 21. Bxh6 gxh6 22. Qg3+ Kh7 23. Rf6 Be7 24. Qd3+ Kg7 25. Nd7 Qg1+ 26. Rf1 Qxf1+ 27. Qxf1 Bxd7 28. Rxd5 Be6 29. Rd1 Bxh4 30. g3 Bf6 31. a3 Rfd8 32. Re1 Rac8 33. Qf4 Rc4 34. Qe3 Rdc8 35. Qd3 R4c5 36. Rxe6 fxe6 37. Qd7+ Kg6 38. Qxe6 Rxc2 39. Qg4+ Kh7 40. Qf5+ Kg7 41. Qd7+ Kh8 0-1


[Site "https://www.chess.com"]

[Event "Titled Tuesday Blitz December 20 Late 2022"]
[White "Jumabayev, Rinat"]
[Black "Blanco Acevedo, Cristobal Jose"]
[WhiteFideId "13702661"]
[BlackFideId "3900525"]
[WhiteElo "2584"]
[BlackElo "2273"]
[Result "1-0"]
[Round "06"]
[TimeControl "180+1"]
[Date "2022.12.21"]
[WhiteClock "0:00:35"]
[BlackClock "0:00:03"]

1. Nf3 c5 2. c4 Nc6 3. Nc3 e5 4. g3 f5 5. d3 Nf6 6. Bg2 d6 7. O-O Be7 8. a3 a5 9. Rb1 O-O 10. e3 Qe8 11. d4 e4 12. Ne1 Kh8 13. f4 Ng4 14. Nd5 Bd8 15. h3 Nf6 16. Nc2 Nxd5 17. cxd5 Ne7 18. dxc5 dxc5 19. b4 axb4 20. axb4 c4 21. Bb2 b5 22. Qd4 Rf7 23. Rfd1 Bd7 24. Ra1 Rxa1 25. Rxa1 Nc8 26. Qd2 Bb6 27. Bd4 Qd8 28. Be5 Be8 29. Ra8 Ra7 30. Rxa7 Bxa7 31. g4 fxg4 32. hxg4 Qh4 33. Qe2 Bd7 34. Bxe4 Bxg4 35. Qh2 Qxh2+ 36. Kxh2 Bb6 37. f5 Kg8 38. Kg3 Bd1 39. Nd4 Bxd4 40. Bxd4 Nd6 41. Bb1 Be2 42. Bc5 Nb7 43. Bd4 Kf7 44. Kf2 Bd3 45. Bxd3 cxd3 46. Be5 g6 47. fxg6+ Kxg6 48. e4 Kg5 49. Ke3 h5 50. Kxd3 Kg4 51. d6 Kg5 52. Kd4 h4 53. Kd5 Nd8 54. d7 1-0


[Site "https://www.chess.com"]

[Event "Titled Tuesday Blitz December 20 Late 2022"]
[White "Kalajzic, Ivan"]
[Black "Vlassov, Nikolai"]
[WhiteFideId "14506378"]
[BlackFideId "4103360"]
[WhiteElo "2163"]
[BlackElo "2324"]
[Result "0-1"]
[Round "06"]
[TimeControl "180+1"]
[Date "2022.12.21"]
[WhiteClock "0:00:13"]
[BlackClock "0:01:18"]

1. b3 e5 2. Bb2 Nc6 3. e3 a6 4. Nf3 e4 5. Nd4 Qf6 6. c3 Qg6 7. f4 exf3 8. Nxf3 Nf6 9. d4 d5 10. Nbd2 Bd7 11. g3 O-O-O 12. Bg2 Re8 13. O-O Ng4 14. Nh4 Qh6 15. Bxd5 Nxe3 16. Qf3 Nxd5 17. Qxd5 Qxd2 18. Rf2 Re2 19. Raf1 Qxb2 20. Rxf7 Bd6 21. Rxd7 Kxd7 22. Qf5+ Kd8 23. Qg4 g6 24. Qg5+ Kc8 25. Qf6 Rhe8 26. Qf7 Re1 0-1


[Site "https://www.chess.com"]

[Event "Titled Tuesday Blitz December 20 Late 2022"]
[White "Kamsky, Gata"]
[Black "Begmuratov, Khumoyun"]
[WhiteFideId "2000024"]
[BlackFideId "14210207"]
[WhiteElo "2666"]
[BlackElo "2267"]
[Result "1/2-1/2"]
[Round "06"]
[TimeControl "180+1"]
[Date "2022.12.20"]
[WhiteClock "0:00:23"]
[BlackClock "0:00:05"]

1. e4 e5 2. Nf3 Nc6 3. Bb5 Nf6 4. O-O Nxe4 5. d4 Nd6 6. Bxc6 dxc6 7. dxe5 Nf5 8. Qxd8+ Kxd8 9. Rd1+ Ke8 10. Nc3 Be7 11. h3 h5 12. g3 Be6 13. Bf4 Rd8 14. b3 a5 15. Kg2 Bb4 16. Ne2 Bd5 17. Bg5 Be7 18. Bxe7 Kxe7 19. c4 Be4 20. Nc3 Bxf3+ 21. Kxf3 h4 22. g4 Nd4+ 23. Ke4 Ne6 24. f4 g5 25. Ne2 gxf4 26. Nxf4 Ng5+ 27. Ke3 Rhe8 28. Ng2 Nxh3 29. Nxh4 Rxd1 30. Rxd1 Rg8 31. Rh1 Ng5 32. Nf5+ Kd7 33. Rh6 Ne6 34. Kf3 Ng5+ 35. Kf4 Ne6+ 36. Kg3 Ng5 37. Rh2 Ne4+ 38. Kf4 Nc5 39. Rd2+ Ke8 40. Nd4 Rh8 41. Nf3 Ne6+ 42. Kg3 Ke7 43. Nd4 Nxd4 44. Rxd4 Ke6 45. Rf4 Rd8 46. Rf6+ Ke7 47. g5 Rd2 48. a4 Rd3+ 49. Rf3 Rd4 50. Rf4 Rd3+ 51. Rf3 Rd4 52. Rf4 Rd2 53. Rf6 Re2 54. Kf4 Rb2 55. Rh6 Rxb3 56. Rh7 Ke6 57. Rh6+ Ke7 58. Rh7 Kf8 59. e6 fxe6 60. Rxc7 Rb4 61. Ke5 Rxc4 62. Rxb7 Rxa4 63. Ra7 Rg4 64. Kf6 Rf4+ 65. Kxe6 a4 66. Kd6 Rc4 67. Ke6 Rf4 68. Kd6 Rg4 69. Kxc6 Rxg5 70. Rxa4 Rg6+ 71. Kd5 Kg7 72. Re4 Rf6 73. Ke5 Kf7 74. Rf4 Rxf4 75. Kxf4 1/2-1/2


[Site "https://www.chess.com"]

[Event "Titled Tuesday Blitz December 20 Late 2022"]
[White "Kaplan, Avi Harrison"]
[Black "Thiel, Thomas"]
[WhiteFideId "30934559"]
[BlackFideId "4615964"]
[WhiteElo "1983"]
[BlackElo "2243"]
[Result "1-0"]
[Round "06"]
[TimeControl "180+1"]
[Date "2022.12.21"]
[WhiteClock "0:01:33"]
[BlackClock "0:01:42"]

1. d4 Nf6 2. c4 g6 3. Nc3 d5 4. cxd5 Nxd5 5. Bd2 c5 6. e4 Nxc3 7. Bxc3 cxd4 8. Bxd4 f6 9. Bc4 Nc6 10. Bc3 Qxd1+ 11. Rxd1 e5 12. f4 Bb4 13. Bxb4 Nxb4 14. fxe5 fxe5 15. Nf3 Bg4 16. Bb5+ Ke7 17. O-O a6 18. Ba4 b5 19. Bb3 Rhf8 20. a3 Nc6 21. Bd5 Bxf3 22. Rxf3 Rad8 23. Rxf8 Kxf8 24. Rf1+ 1-0


[Site "https://www.chess.com"]

[Event "Titled Tuesday Blitz December 20 Late 2022"]
[White "Kim, Sergey"]
[Black "Polster, Christian"]
[WhiteFideId "13700570"]
[BlackFideId "12965081"]
[WhiteElo "2494"]
[BlackElo "2195"]
[Result "0-1"]
[Round "06"]
[TimeControl "180+1"]
[Date "2022.12.21"]
[WhiteClock "0:01:24"]
[BlackClock "0:00:19"]

1. d4 d5 2. c4 e6 3. Nc3 c6 4. e3 Nf6 5. Nf3 Bd6 6. a3 Nbd7 7. Bd3 O-O 8. O-O dxc4 9. Bxc4 b5 10. Ba2 Bb7 11. e4 e5 12. Bg5 h6 13. Bh4 Re8 14. Re1 exd4 15. Qxd4 Qc7 16. Rac1 Bc5 17. Qd2 a6 18. Bg3 Qb6 19. b4 Bf8 20. e5 Nd5 21. Nxd5 cxd5 22. Bxd5 Rad8 23. Qa2 Bxd5 24. Qxd5 Nxe5 25. Qb3 Nd3 26. Rxe8 Nxc1 27. Qe3 Rd1+ 28. Ne1 Qxe3 29. Rxe3 Nd3 30. f3 Nxe1 31. Bxe1 a5 32. bxa5 Bc5 0-1


[Site "https://www.chess.com"]

[Event "Titled Tuesday Blitz December 20 Late 2022"]
[White "Kleiman, Jake"]
[Black "Ter-Sahakyan, Samvel"]
[WhiteFideId "2020041"]
[BlackFideId "13302531"]
[WhiteElo "2651"]
[BlackElo "2585"]
[Result "1-0"]
[Round "06"]
[TimeControl "180+1"]
[Date "2022.12.20"]
[WhiteClock "0:00:14"]
[BlackClock "0:00:03"]

1. e4 c6 2. Nc3 d5 3. Nf3 Bg4 4. h3 Bxf3 5. Qxf3 e6 6. a3 Nf6 7. g3 Bc5 8. Bg2 O-O 9. O-O Nbd7 10. d3 a5 11. Qe2 dxe4 12. dxe4 e5 13. Bd2 b5 14. Rad1 Qc7 15. Bc1 Rfe8 16. a4 b4 17. Nb1 Nb6 18. b3 Bd4 19. Nd2 c5 20. Nf3 Nfd7 21. Kh1 Nf8 22. Nh4 c4 23. f4 Rac8 24. Nf5 Ne6 25. Qg4 Kh8 26. Ne3 cxb3 27. cxb3 Nc5 28. Nf5 Ne6 29. Nxd4 Nxd4 30. fxe5 Nxb3 31. Bf4 Qc4 32. Rd6 Nxa4 33. Qh4 Rc6 34. Qe7 Rcc8 35. Qh4 Rc6 36. Qe7 Rcc8 37. Qg5 Nac5 38. Rh6 Re6 39. Rh4 Nd4 40. Qh5 h6 41. Qxf7 Nxe4 42. Kh2 Nc5 43. Bxh6 Rxh6 44. Rxh6+ gxh6 45. Qxc4 1-0


[Site "https://www.chess.com"]

[Event "Titled Tuesday Blitz December 20 Late 2022"]
[White "Lacasa Diaz, Jose Antonio"]
[Black "Krishnan, Varun"]
[WhiteFideId "2203375"]
[BlackFideId "5054508"]
[WhiteElo "2338"]
[BlackElo "2602"]
[Result "0-1"]
[Round "06"]
[TimeControl "180+1"]
[Date "2022.12.21"]
[WhiteClock "0:01:12"]
[BlackClock "0:01:53"]

1. e4 e5 2. Nf3 Nc6 3. Bb5 a6 4. Ba4 Nf6 5. O-O Be7 6. d3 O-O 7. Bxc6 dxc6 8. Nxe5 Bd6 9. Nf3 Ng4 10. h3 Ne5 11. Nxe5 Bxe5 12. f4 Bd4+ 13. Kh1 Qh4 14. Qf3 f5 15. c3 fxe4 16. dxe4 Be5 17. f5 Be6 18. Bf4 Bxf5 19. exf5 Rxf5 20. Bxe5 Rxf3 21. gxf3 Qxh3+ 22. Kg1 Re8 23. f4 Qg3+ 24. Kh1 Re6 0-1


[Site "https://www.chess.com"]

[Event "Titled Tuesday Blitz December 20 Late 2022"]
[White "Lazavik, Denis"]
[Black "Rasulov, Vugar"]
[WhiteFideId "13515110"]
[BlackFideId "13402390"]
[WhiteElo "2484"]
[BlackElo "2509"]
[Result "1-0"]
[Round "06"]
[TimeControl "180+1"]
[Date "2022.12.20"]
[WhiteClock "0:00:43"]
[BlackClock "0:00:02"]

1. d4 Nf6 2. c4 e6 3. Nf3 b6 4. g3 Bb7 5. Bg2 Be7 6. O-O O-O 7. Nc3 Ne4 8. Bd2 Bf6 9. Rc1 c5 10. d5 Nxc3 11. Bxc3 exd5 12. cxd5 d6 13. e4 Nd7 14. Re1 Re8 15. a4 a6 16. Qb3 Rb8 17. Nd2 b5 18. axb5 axb5 19. Qxb5 Bxc3 20. bxc3 Ne5 21. Qe2 c4 22. Ra1 Nd3 23. Reb1 Bxd5 24. Qe3 Be6 25. Bf1 Nc5 26. Rxb8 Qxb8 27. Rb1 Qc7 28. Rb4 Nd3 29. Bxd3 cxd3 30. Qxd3 h5 31. h4 Rc8 32. Rd4 Qa5 33. c4 Qa1+ 34. Kg2 g5 35. hxg5 h4 36. gxh4 Qa5 37. Rxd6 Rb8 38. Qd4 Qc7 39. c5 Kh7 40. Nf3 Rb1 41. h5 Bg4 42. g6+ Kh6 43. gxf7+ Kh7 44. Rh6+ Kxh6 45. f8=Q+ Kxh5 46. Qdh8+ Kg6 47. Qff6# 1-0


[Site "https://www.chess.com"]

[Event "Titled Tuesday Blitz December 20 Late 2022"]
[White "Makarian, Rudik"]
[Black "Gubajdullin, Alexei"]
[WhiteFideId "44105681"]
[BlackFideId "4141202"]
[WhiteElo "2440"]
[BlackElo "2251"]
[Result "1-0"]
[Round "06"]
[TimeControl "180+1"]
[Date "2022.12.20"]
[WhiteClock "0:00:18"]
[BlackClock "0:00:00"]

1. d4 g6 2. Nf3 Bg7 3. c4 Nf6 4. Nc3 d6 5. e4 O-O 6. Be2 Na6 7. O-O e5 8. Be3 c6 9. d5 Ng4 10. Bg5 f6 11. Bc1 c5 12. Ne1 Nh6 13. f3 f5 14. exf5 Nxf5 15. Ne4 Nd4 16. Bg5 Qc7 17. Bd3 Bf5 18. Nc2 Nb4 19. Nxb4 cxb4 20. Rc1 b6 21. Be3 a5 22. Ng5 Qe7 23. Bxf5 Nxf5 24. Bd2 Bh6 25. Ne6 Be3+ 26. Kh1 Qh4 27. Bxe3 Nxe3 28. Qe1 Qh6 29. Rf2 Rf7 30. Re2 Nf5 31. Rd1 Rc8 32. b3 Ng7 33. h3 Re7 34. Qf2 Rb7 35. f4 exf4 36. Qxf4 Qxf4 37. Nxf4 Nf5 38. Kh2 Re7 39. Ne6 Ng7 40. Red2 Nxe6 41. dxe6 Rxe6 42. Rxd6 Rc6 43. Rd7 Rf6 44. Kg3 Rf7 45. Rxf7 Kxf7 46. Rd7+ Kg8 47. Rb7 Rf6 48. Rc7 h6 49. c5 bxc5 50. Rxc5 Ra6 51. Rb5 Kg7 52. Kf4 Kf6 53. h4 g5+ 54. hxg5+ 1-0


[Site "https://www.chess.com"]

[Event "Titled Tuesday Blitz December 20 Late 2022"]
[White "Makridis, Dimitrios"]
[Black "Gonzalez, Francisco Silva"]
[WhiteFideId "25864475"]
[BlackFideId "1512285"]
[WhiteElo "2272"]
[BlackElo "2220"]
[Result "1-0"]
[Round "06"]
[TimeControl "180+1"]
[Date "2022.12.21"]
[WhiteClock "0:00:22"]
[BlackClock "0:00:35"]

1. d4 Nf6 2. Nf3 d5 3. g3 c5 4. dxc5 Nc6 5. Bg2 e5 6. O-O Bxc5 7. a3 h6 8. c4 Be6 9. b4 Bd6 10. cxd5 Bxd5 11. Bb2 O-O 12. Nc3 Be6 13. Qc2 Rc8 14. Rfd1 Qe7 15. Nh4 Nd4 16. Qd2 Rfd8 17. Rab1 a5 18. e3 Nb3 19. Qc2 axb4 20. axb4 Bxb4 21. Rxd8+ Rxd8 22. Na2 Rd2 23. Nxb4 Rxc2 24. Nxc2 g5 25. Nf3 Qc5 26. Na1 Nxa1 27. Rxa1 Nd7 28. Ra8+ Kg7 29. Ra1 f6 30. Rc1 Qb6 31. Ba1 Qa5 32. h4 Nc5 33. hxg5 hxg5 34. Bc3 Qa3 35. Bd2 Nb3 36. Rc7+ Kg6 37. Bc3 Qc1+ 38. Kh2 b5 39. Bxe5 Qb2 40. Bxb2 Bc4 41. Rc6 Kf5 42. Rxf6+ Ke4 43. Ne1# 1-0


[Site "https://www.chess.com"]

[Event "Titled Tuesday Blitz December 20 Late 2022"]
[White "Maksimovic, Bojan"]
[Black "Sebag, Marie"]
[WhiteFideId "14408120"]
[BlackFideId "617822"]
[WhiteElo "2462"]
[BlackElo "2440"]
[Result "0-1"]
[Round "06"]
[TimeControl "180+1"]
[Date "2022.12.20"]
[WhiteClock "0:00:47"]
[BlackClock "0:00:16"]

1. Nf3 d5 2. g3 c6 3. Bg2 Bg4 4. d3 Nd7 5. c3 e6 6. Qc2 Bd6 7. Nbd2 Ne7 8. O-O O-O 9. e4 e5 10. Re1 f6 11. d4 Kh8 12. c4 exd4 13. Nxd4 Ne5 14. h3 Bd7 15. exd5 cxd5 16. cxd5 Rc8 17. Qb3 Bc5 18. Ne6 Bxe6 19. dxe6 Nd3 20. Rf1 Nxf2 21. Rxf2 Bxf2+ 22. Kh2 Rxc1 23. Rxc1 Qxd2 24. Rc3 Qe1 25. h4 Nf5 26. Rf3 Bxg3+ 27. Rxg3 Qxg3+ 28. Qxg3 Nxg3 29. Kxg3 Re8 30. Bd5 g6 31. Kf4 Kg7 32. Ke4 Kf8 33. Kd4 Ke7 34. Bxb7 Rb8 35. Bd5 Rxb2 36. Bb3 Rh2 37. Kc5 Rxh4 38. Kc6 a5 39. Kb5 a4 40. Bxa4 Kxe6 41. Bb3+ Ke7 42. a4 Rh3 43. Kb4 Kd6 44. a5 Kc7 45. Be6 Rh1 46. Kc5 Kb8 47. Kd6 Ka7 48. Bc4 Re1 49. Bg8 h5 50. Bf7 h4 0-1


[Site "https://www.chess.com"]

[Event "Titled Tuesday Blitz December 20 Late 2022"]
[White "Martins Jr Sobrinho, Manuel De"]
[Black "Liu, Kelsey"]
[WhiteFideId "2170310"]
[BlackFideId "30944481"]
[WhiteElo "1924"]
[BlackElo "2295"]
[Result "0-1"]
[Round "06"]
[TimeControl "180+1"]
[Date "2022.12.21"]
[WhiteClock "0:01:59"]
[BlackClock "0:01:46"]

1. e4 c5 2. Nf3 e6 3. d4 cxd4 4. Nxd4 Nc6 5. Nc3 Nf6 6. Ndb5 d6 7. Bf4 e5 8. Bg5 a6 9. Na3 b5 10. Nd5 Be7 11. Bxf6 Bxf6 12. c3 Rb8 13. Nc2 Bg5 14. Qd3 O-O 15. Rd1 f5 16. Nde3 fxe4 17. Qxe4 Bb7 18. Qd5+ Kh8 19. Qxd6 Qe8 20. Be2 Rd8 21. Qc7 Rxd1+ 22. Bxd1 Rf7 23. Qb6 Bh4 24. O-O Qf8 25. g3 Bd8 0-1


[Site "https://www.chess.com"]

[Event "Titled Tuesday Blitz December 20 Late 2022"]
[White "Matthes, Aaron"]
[Black "Carbone, Diego"]
[WhiteFideId "16227310"]
[BlackFideId "3002179"]
[WhiteElo "2342"]
[BlackElo "2266"]
[Result "0-1"]
[Round "06"]
[TimeControl "180+1"]
[Date "2022.12.21"]
[WhiteClock "0:00:20"]
[BlackClock "0:00:06"]

1. d4 d5 2. Bf4 Nf6 3. e3 Bf5 4. Bd3 Bxd3 5. Qxd3 c6 6. Nd2 e6 7. Ngf3 Bd6 8. Bxd6 Qxd6 9. c4 Nbd7 10. O-O O-O 11. Rab1 a5 12. a3 Rfd8 13. Rfd1 Qe7 14. Qc3 dxc4 15. Nxc4 Ne4 16. Qc2 Nd6 17. Nce5 Nxe5 18. Nxe5 Nb5 19. Rbc1 a4 20. Nc4 Ra6 21. Qe2 g6 22. Nd2 Rd5 23. Ne4 Ra8 24. Rc5 Kg7 25. Rdc1 Rad8 26. Qc2 Ra8 27. Rc4 Qh4 28. Nd2 Rh5 29. Nf3 Qg4 30. d5 Qf5 31. e4 Qf4 32. dxc6 bxc6 33. Rxc6 Rd8 34. Rc5 Rxc5 35. Qxc5 Nd6 36. Qd4+ Kg8 37. Re1 Rc8 38. h3 Rc1 39. Rd1 Rxd1+ 40. Qxd1 Nxe4 41. Qd8+ Kg7 42. Qd4+ f6 43. Qd7+ Kh6 44. Qd3 f5 45. g3 Qc1+ 46. Kg2 Qxb2 47. Qe3+ Kg7 48. Nd4 Kf6 49. h4 Qc3 50. Qxc3 Nxc3 51. Kf3 Nb1 52. Nc2 Ke5 53. Ke3 Kd5 54. Kd3 e5 55. Nb4+ Kc5 56. Nc2 e4+ 57. Ke3 Kc4 58. Kf4 Kc3 59. Ne3 Nxa3 60. Kg5 Nc4 61. Kh6 Nxe3 62. fxe3 a3 63. Kxh7 a2 64. Kxg6 a1=Q 65. h5 Qh1 66. h6 Kd3 67. Kxf5 Kxe3 68. g4 Kf3 69. g5 e3 70. g6 Qxh6 71. g7 Qxg7 72. Ke6 e2 73. Kf5 Qf8+ 74. Kg5 e1=Q 75. Kg6 Qg3+ 76. Kh5 Qh8# 0-1


[Site "https://www.chess.com"]

[Event "Titled Tuesday Blitz December 20 Late 2022"]
[White "Megalios, Konstantinos"]
[Black "aidenzhouu"]
[WhiteFideId "4238044"]
[WhiteElo "2277"]
[BlackElo "2407"]
[Result "1-0"]
[Round "06"]
[TimeControl "180+1"]
[Date "2022.12.21"]
[WhiteClock "0:00:11"]
[BlackClock "0:00:05"]

1. d4 Nf6 2. Bf4 g6 3. Nc3 d5 4. e3 Bg7 5. h4 h5 6. Nf3 Bg4 7. Be2 c6 8. Ne5 Bxe2 9. Qxe2 Nbd7 10. O-O-O Nxe5 11. Bxe5 Qd7 12. f3 O-O-O 13. e4 e6 14. Rd3 Ne8 15. Bxg7 Nxg7 16. Rhd1 Qc7 17. e5 Nf5 18. Qf2 Kb8 19. Na4 b6 20. Qe1 Kc8 21. Kb1 Kd7 22. Rc1 c5 23. dxc5 b5 24. Nc3 Qxc5 25. Ne4 Qb6 26. Qb4 Kc7 27. Rc3+ Kb8 28. Rc5 a6 29. Nc3 Rd7 30. a4 Rb7 31. axb5 a5 32. Qa3 Nd4 33. Na4 Nxb5 34. Qd3 Qa6 35. Ka1 Rc8 36. c4 dxc4 37. R1xc4 Rxc5 38. Nxc5 Qc6 39. Nxb7 Qxb7 40. Qd8+ Ka7 41. Qd3 Ka6 42. Rc5 Qb6 43. Qc4 a4 44. Rc6 1-0


[Site "https://www.chess.com"]

[Event "Titled Tuesday Blitz December 20 Late 2022"]
[White "Melikhov, Evgeny V."]
[Black "Aghasiyev, Kamal"]
[WhiteFideId "4122046"]
[BlackFideId "13402854"]
[WhiteElo "2169"]
[BlackElo "2341"]
[Result "1-0"]
[Round "06"]
[TimeControl "180+1"]
[Date "2022.12.21"]
[WhiteClock "0:00:07"]
[BlackClock "0:00:01"]

1. d4 d5 2. c4 e6 3. Nc3 Nf6 4. cxd5 exd5 5. Bg5 c6 6. Qc2 Nbd7 7. e3 Be7 8. Bd3 h6 9. Bh4 Nh5 10. Bxe7 Qxe7 11. Nge2 Nb6 12. O-O-O Bd7 13. Kb1 O-O-O 14. Nc1 Kb8 15. Nb3 Qg5 16. g3 g6 17. Nc5 Ng7 18. Nxd7+ Rxd7 19. Rc1 Ne8 20. Na4 Nxa4 21. Qxa4 Nd6 22. Rc3 Qf6 23. Ra3 Nc8 24. Qc2 h5 25. h4 Qf3 26. Rc1 f5 27. Qe2 Qxe2 28. Bxe2 Nd6 29. Bd3 Rg7 30. b4 a6 31. Rac3 Ne4 32. R3c2 g5 33. hxg5 Rxg5 34. Rh1 h4 35. gxh4 Rgh5 36. f3 Ng3 37. Rh3 f4 38. exf4 Nf5 39. Bxf5 Rxf5 40. Rch2 Rhh5 41. Kc2 Rxf4 42. Kd3 Rf8 43. Rg2 Rfh8 44. Rg4 Ka7 45. Ke3 Kb6 46. a4 a5 47. bxa5+ Kxa5 48. Rg7 Ka6 49. Rg4 R8h7 50. Kf4 Ka5 51. Kg3 Kxa4 52. Rg5 R5h6 53. h5 b5 54. Kg4 b4 55. Rg6 b3 56. Rxh6 Rxh6 57. Kg5 Rh8 58. h6 b2 59. Rh1 Rg8+ 60. Kf6 Kb3 61. h7 Rh8 62. Kg7 Rxh7+ 63. Kxh7 Kc2 64. f4 b1=Q 65. Rxb1 Kxb1 66. f5 c5 67. dxc5 d4 68. c6 d3 69. c7 d2 70. c8=Q d1=Q 71. Qe6 Qh5+ 72. Kg7 Qg5+ 73. Kf7 Qh5+ 74. Qg6 Qf3 75. f6+ Ka1 76. Kg8 Qa8+ 77. Kg7 Qa7+ 78. f7 Qe7 79. Kg8 1-0


[Site "https://www.chess.com"]

[Event "Titled Tuesday Blitz December 20 Late 2022"]
[White "Mendez Fortes, Eduardo Jesus"]
[Black "Sztokbant, Bernardo Vainzoff"]
[WhiteFideId "3502376"]
[BlackFideId "2115956"]
[WhiteElo "2307"]
[BlackElo "2222"]
[Result "0-1"]
[Round "06"]
[TimeControl "180+1"]
[Date "2022.12.21"]
[WhiteClock "0:01:55"]
[BlackClock "0:00:38"]

1. e4 e5 2. Nf3 Nc6 3. Bb5 a6 4. Ba4 Nf6 5. O-O Be7 6. Re1 b5 7. Bb3 O-O 8. c3 d5 9. exd5 Nxd5 10. Nxe5 Nxe5 11. Rxe5 c6 12. d4 Bd6 13. Re1 Qh4 14. g3 Qh3 15. Re4 g5 16. Qe2 Bf5 17. Nd2 Nf6 18. f3 Rae8 19. Bc2 Nxe4 20. fxe4 Bg6 21. Nf3 h6 22. e5 Qh5 23. Kg2 f6 24. Bb3+ Kg7 25. h3 g4 26. hxg4 Qxg4 27. Bf4 fxe5 28. Bxe5+ Bxe5 29. dxe5 Rxf3 0-1


[Site "https://www.chess.com"]

[Event "Titled Tuesday Blitz December 20 Late 2022"]
[White "Migot, Tangi"]
[Black "Ansh M Shah"]
[WhiteFideId "662445"]
[BlackFideId "25033379"]
[WhiteElo "2560"]
[BlackElo "2084"]
[Result "1-0"]
[Round "06"]
[TimeControl "180+1"]
[Date "2022.12.21"]
[WhiteClock "0:00:58"]
[BlackClock "0:00:47"]

1. b3 e5 2. Bb2 Nc6 3. g3 g6 4. Bg2 Bg7 5. h4 h5 6. e3 d6 7. Ne2 Nge7 8. d3 O-O 9. Nd2 f5 10. a3 Kh7 11. Nf3 Ng8 12. Ng5+ Kh8 13. Qd2 Nh6 14. d4 e4 15. Nf4 Qe8 16. c4 Ng4 17. b4 a6 18. a4 Nd8 19. d5 Ne5 20. O-O-O Nxc4 21. Bxg7+ Kxg7 22. Qc3+ Ne5 23. Qxc7+ Qd7 24. Nge6+ Nxe6 25. Nxe6+ Kf6 26. Qxd7 Bxd7 27. Nxf8 Rxf8 28. Kb1 Bxa4 29. Rc1 Rf7 30. Rc8 Nd3 31. f3 exf3 32. Bxf3 Nxb4 33. Rhc1 Ke5 34. R1c7 Rxc7 35. Rxc7 Nxd5 36. Bxd5 Kxd5 37. Rxb7 Ke4 38. Rb4+ Kxe3 39. Rxa4 Kf3 40. Ra3+ Kg4 41. Kc2 g5 42. Ra4+ Kxg3 43. hxg5 f4 44. g6 f3 45. g7 1-0


[Site "https://www.chess.com"]

[Event "Titled Tuesday Blitz December 20 Late 2022"]
[White "Mihajlov, Sebastian"]
[Black "Itkis, Boris"]
[WhiteFideId "1512110"]
[BlackFideId "1209167"]
[WhiteElo "2464"]
[BlackElo "2216"]
[Result "1-0"]
[Round "06"]
[TimeControl "180+1"]
[Date "2022.12.21"]
[WhiteClock "0:00:36"]
[BlackClock "0:00:14"]

1. e4 e5 2. Nc3 Nf6 3. Bc4 Nxe4 4. Qh5 Nd6 5. Bb3 g6 6. Qxe5+ Qe7 7. Nf3 Nc6 8. Qxe7+ Bxe7 9. Nd5 Bd8 10. c3 O-O 11. O-O Ne7 12. Nf4 c6 13. d4 Bc7 14. Re1 Nef5 15. g4 Ng7 16. Ne5 Ne6 17. Nxe6 dxe6 18. Bh6 Re8 19. Rad1 a5 20. h4 a4 21. Bc2 Nb5 22. h5 a3 23. hxg6 hxg6 24. c4 Na7 25. b3 b5 26. Be4 Bb7 27. c5 b4 28. Nd7 Bd8 29. Bd2 Bc8 30. Ne5 Bc7 31. Bxb4 Bxe5 32. dxe5 Nb5 33. Bxc6 1-0


[Site "https://www.chess.com"]

[Event "Titled Tuesday Blitz December 20 Late 2022"]
[White "Mikhailov, Viacheslav"]
[Black "Gurevich, Dmitry"]
[WhiteFideId "4187369"]
[BlackFideId "2000407"]
[WhiteElo "2381"]
[BlackElo "2506"]
[Result "1-0"]
[Round "06"]
[TimeControl "180+1"]
[Date "2022.12.21"]
[WhiteClock "0:00:41"]
[BlackClock "0:00:07"]

1. Nf3 Nf6 2. g3 d5 3. Bg2 c6 4. O-O Bf5 5. d4 h6 6. c4 e6 7. Nc3 Nbd7 8. h3 Be7 9. Qb3 Qb6 10. c5 Qxb3 11. axb3 a6 12. b4 Rc8 13. g4 Bh7 14. Bf4 O-O 15. Nd2 g5 16. Bh2 Bd8 17. Nb3 Bc7 18. Na5 Bxh2+ 19. Kxh2 Rc7 20. Rad1 e5 21. e4 dxe4 22. d5 cxd5 23. Nxd5 Nxd5 24. Rxd5 Re8 25. Rfd1 Nf6 26. Rd8 Kf8 27. R1d6 Rxd8 28. Rxd8+ Ke7 29. Rb8 Nd7 30. Rxb7 Rxb7 31. Nxb7 Nb8 32. Bf1 f5 33. gxf5 Bxf5 34. Nd6 Bg6 35. b5 axb5 36. Bxb5 Nd7 37. Bxd7 Kxd7 38. b4 Kc6 39. Kg3 Kd5 40. Kg4 Kc6 41. Nc4 Kd5 42. Ne3+ Kc6 43. Nf5 Kb5 44. c6 Bxf5+ 45. Kxf5 Kxc6 46. Kxe5 Kb5 47. Kxe4 Kxb4 48. Kf5 1-0


[Site "https://www.chess.com"]

[Event "Titled Tuesday Blitz December 20 Late 2022"]
[White "Mikhalsky, Vladimir"]
[Black "Barria Zuniga, Daniel"]
[WhiteFideId "14144352"]
[BlackFideId "3400816"]
[WhiteElo "2272"]
[BlackElo "2414"]
[Result "0-1"]
[Round "06"]
[TimeControl "180+1"]
[Date "2022.12.21"]
[WhiteClock "0:00:26"]
[BlackClock "0:01:02"]

1. c4 g6 2. d4 Bg7 3. e4 c5 4. d5 d6 5. Bd3 e6 6. Nf3 exd5 7. cxd5 a6 8. a4 Ne7 9. h3 O-O 10. Nc3 f5 11. Ng5 f4 12. Bc4 Kh8 13. h4 h6 14. h5 Nf5 15. Ne6 Bxe6 16. dxe6 Nd4 17. hxg6 Nbc6 18. Nd5 Qg5 19. g3 Qxg6 20. Nxf4 Qxe4+ 21. Kd2 Nf3+ 22. Qxf3 Qxf3 23. Ng6+ Kh7 24. Bd3 Qxf2+ 25. Kd1 Qf3+ 26. Kd2 Qxh1 27. Ne7+ Kh8 28. Ng6+ Kg8 29. e7 Rf2+ 30. Ke3 Rf3+ 31. Ke4 d5+ 32. Kxd5 Rxd3+ 33. Ke6 Qd5# 0-1


[Site "https://www.chess.com"]

[Event "Titled Tuesday Blitz December 20 Late 2022"]
[White "Milikow, Yoav"]
[Black "Shimanov, Aleksandr"]
[WhiteFideId "2822237"]
[BlackFideId "4198603"]
[WhiteElo "2416"]
[BlackElo "2605"]
[Result "0-1"]
[Round "06"]
[TimeControl "180+1"]
[Date "2022.12.20"]
[WhiteClock "0:00:11"]
[BlackClock "0:00:14"]

1. d4 d5 2. c4 e6 3. Nc3 Nf6 4. cxd5 exd5 5. Bg5 c6 6. e3 h6 7. Bh4 Bf5 8. Qf3 Be6 9. Bxf6 Qxf6 10. Qxf6 gxf6 11. Bd3 a5 12. Nf3 a4 13. a3 Nd7 14. Nh4 b5 15. Ke2 Nb6 16. Rhc1 Kd7 17. f4 Kd8 18. Nb1 Nc4 19. Nd2 Bd6 20. Rc2 Re8 21. Nf1 Bxf4 22. Bxc4 bxc4 23. exf4 Bf5+ 24. Kd2 Bxc2 25. Kxc2 Re2+ 26. Nd2 Kd7 27. Rg1 Rg8 28. h3 Rf2 29. f5 Re8 30. Rf1 Ree2 31. Rxf2 Rxf2 32. Kd1 Rf4 33. Nhf3 h5 34. Ke2 Rxf5 35. g3 c5 36. Ke3 cxd4+ 37. Kxd4 Kd6 38. Ke3 Kc5 39. g4 hxg4 40. hxg4 d4+ 41. Ke4 Rd5 42. Kf4 c3 43. Ne4+ Kc4 44. bxc3 dxc3 45. Ne1 Kb3 46. Ke3 c2 47. Nd2+ Kc3 48. Ne4+ Kb2 49. Nxc2 Kxc2 50. Nxf6 Rd3+ 51. Kf4 Rxa3 52. Ne8 Ra1 53. Nd6 Rf1+ 54. Kg3 a3 55. Nc4 a2 56. Ne3+ Kd3 57. Nxf1 a1=Q 58. Kg2 Qe5 59. Ng3 Qf4 60. Kh3 Ke3 61. Nh5 Qf1+ 62. Kh4 f6 63. Ng7 Qh1+ 64. Kg3 Qg1+ 65. Kh3 Kf3 0-1


[Site "https://www.chess.com"]